 Dungeon Crawl Stone Soup version 0.24-a0-3-g5a199981cb (webtiles) character file.

Game seed: 1833196086771797896

4171 Maize the Cleaver (level 10, -5/91 HPs)
             Began as a Minotaur Berserker on Jan 30, 2019.
             Was an Elder of Trog.
             Slain by a crocodile (9 damage)
             ... on level 9 of the Dungeon.
             The game lasted 00:08:33 (7338 turns).

Maize the Cleaver (Minotaur Berserker)              Turns: 7338, Time: 00:08:34

Health: -5/91      AC: 15    Str: 24    XL:     10   Next: 7%
Magic:  9/9        EV:  8    Int:  4    God:    Trog [****..]
Gold:   363        SH:  0    Dex: 13    Spells: 9/9 levels left

rFire    . . .     SeeInvis .   A - +0 war axe
rCold    . . .     Gourm    .   (no shield)
rNeg     . . .     Faith    .   v - +0 plate armour
rPois    .         Spirit   .   (helmet restricted)
rElec    .         Reflect  .   (no cloak)
rCorr    .         Harm     .   (no gloves)
MR       .....                  B - +0 pair of boots
Stlth    ..........             (no amulet)
HPRegen  0.25/turn              y - +2 ring of dexterity
MPRegen  0.11/turn              (no ring)

@: berserk cooldown, slowed, very slow
A: retaliatory headbutt, horns 2
a: Berserk, Trog's Hand, Brothers in Arms, Renounce Religion


You were on level 9 of the Dungeon.
You worshipped Trog.
Trog was greatly pleased with you.
You were very hungry.

You visited 1 branch of the dungeon, and saw 9 of its levels.

You collected 363 gold pieces.

Inventory:

Hand Weapons
 A - a +0 war axe (weapon)
Missiles
 C - 3 tomahawks of returning (quivered)
Armour
 l - a +0 large shield
 v - a +0 plate armour (worn)
 B - a +0 pair of boots (worn)
Jewellery
 y - a +2 ring of dexterity (left hand)
Wands
 i - a wand of acid (9)
 x - a wand of random effects (15)
 z - a wand of clouds (4)
 E - a wand of enslavement (16)
Scrolls
 j - a scroll of remove curse
 m - 4 scrolls of identify {unknown}
 n - a scroll of enchant armour {unknown}
 o - a scroll of blinking {unknown}
 p - 3 scrolls of teleportation {unknown}
 s - a scroll of noise {unknown}
 t - 3 scrolls of immolation {unknown}
 u - a scroll of fog {unknown}
 D - a scroll of acquirement {unknown}
Potions
 b - 5 potions of brilliance {unknown}
 d - 2 potions of agility {unknown}
 e - a potion of flight {unknown}
 f - 5 potions of mutation {unknown}
 g - a potion of resistance {unknown}
 h - a potion of magic {unknown}
 k - a potion of degeneration {unknown}
 q - a potion of berserk rage
 r - 3 potions of heal wounds {unknown}
 w - 2 potions of curing {unknown}
Comestibles
 a - 7 chunks of flesh
 c - 20 rations


   Skills:
 + Level 9.4 Fighting
 * Level 12.5 Axes
 + Level 9.1 Armour
 - Level 2.1 Dodging


You had 9 spell levels left.
You didn't know any spells.
Your spell library was empty.

Dungeon Overview and Level Annotations

Branches:
Dungeon (9/15)             Temple (0/1) D:7            Lair (0/6) D:9
    Orc: D:9-12

Altars:
Ashenzari
Cheibriados
Elyvilon
Fedhas
Hepliaklqana
Nemelex Xobeh
Okawaru
Ru
Trog
Uskayaw
Zin
The Shining One


Innate Abilities, Weirdness & Mutations

You reflexively headbutt those who attack you in melee.
You have a pair of horns on your head.


Message History

You butcher the bullfrog corpse.
a - 4 chunks of flesh You see here a crocodile skeleton.
Eat one of 4 chunks of flesh? (ye/n/q)
You eat one of the 4 chunks of flesh.
This raw flesh tastes terrible.
You are feeling very hungry.
a - 7 chunks of flesh (gained 4)
You see here a bullfrog skeleton.
Eat one of 7 chunks of flesh? (ye/n/q)
Okay, then.
Things that are here:
2 chunks of flesh; a black bear skeleton; a porcupine corpse
Things that are here:
4 chunks of flesh; a bullfrog skeleton; an adder corpse You slash the crocodile!
You headbutt the crocodile!
The crocodile is almost dead.
The crocodile bites you.
* * * LOW HITPOINT WARNING * * *
The crocodile bites you!
You die...

#...P...P..>.PP.
#...P.P.P.PP.P.P
##..PP.P.P.PPP.P.
#.........PPP.....PPP
#.......P..PPP.P..PPP
#........P..P..P..P.P
+..........)%%..PPPP.
#....[...#.t.).P.....
#........#.@รทรท.P.P...
#........#..##...?...
#.(....<.'.## .......
#........### .......
#........# .......
#......>.# #######
##########


You could see a crocodile.

Vanquished Creatures
  Pikel (D:5)
  A yak (D:9)
  A wyvern (D:8)
  A human (D:8)
  A water moccasin (D:8)
  Duvessa (D:7)
  A porcupine (D:9)
  3 orc warriors
  4 slaves (D:5)
  3 black bears
  5 ice beasts
  3 phantoms
  2 ogres
  A crocodile (D:9)
  4 bullfrogs
  A gnoll sergeant (D:6)
  A water moccasin zombie (D:8)
  Dowan (D:7)
  A scorpion (D:4)
  4 killer bees (D:8)
  2 howler monkeys (D:6)
  2 crimson imps
  A jelly (D:5)
  2 orc priests (D:4)
  A centaur skeleton (D:7)
  3 hounds
  6 orc wizards
  2 bullfrog skeletons
  3 worker ants
  A killer bee zombie (D:6)
  4 gnolls (D:6)
  6 adders
  A shadow imp (D:8)
  An ooze (D:1)
  2 adder zombies
  An adder skeleton (D:4)
  A worm (D:4)
  A dart slug (D:2)
  6 leopard geckos
  15 orcs
  3 bats
  2 giant cockroaches
  3 hobgoblins
  4 jackals
  A quokka (D:4)
  A ball python (D:1)
  7 frilled lizards
  5 goblins
  7 kobolds
  A leopard gecko skeleton (D:9)
  A quokka zombie (D:6)
  7 rats
143 creatures vanquished.

Vanquished Creatures (others)
  4 fungi (D:9)
  A plant (D:9)
5 creatures vanquished.

Grand Total: 148 creatures vanquished

Notes
Turn   | Place    | Note
-------+----------+-------------------------------------------
     0 | D:1      | Maize the Minotaur Berserker began the quest for the Orb.
     0 | D:1      | Reached XP level 1. HP: 19/19 MP: 0/0
    40 | D:1      | Reached skill level 4 in Axes
    50 | D:1      | Reached XP level 2. HP: 27/27 MP: 1/1
   693 | D:2      | Reached XP level 3. HP: 33/33 MP: 2/2
   826 | D:2      | Reached ** piety under Trog
   901 | D:2      | Found a shattered altar of Ashenzari.
   916 | D:2      | Found an iron altar of Okawaru.
   917 | D:2      | Found a glowing golden altar of the Shining One.
  1103 | D:2      | Found a bloodstained altar of Trog.
  1510 | D:3      | Found a hide-covered altar of Uskayaw.
  1510 | D:3      | Noticed a +0 hand axe
  1511 | D:3      | Noticed a +0 dagger
  1543 | D:3      | Found a white marble altar of Elyvilon.
  1543 | D:3      | Found a hazy altar of Hepliaklqana.
  1871 | D:3      | Reached skill level 5 in Axes
  1871 | D:3      | Reached XP level 4. HP: 40/40 MP: 3/3
  2230 | D:4      | Reached XP level 5. HP: 36/47 MP: 4/4
  2239 | D:4      | Reached skill level 6 in Axes
  2544 | D:4      | Reached skill level 5 in Fighting
  2555 | D:4      | Reached XP level 6. HP: 30/56 MP: 5/5
  2923 | D:4      | Reached skill level 7 in Axes
  3159 | D:4      | Found a glowing silver altar of Zin.
  3357 | D:3      | Found a snail-covered altar of Cheibriados.
  3357 | D:3      | Found a sacrificial altar of Ru.
  3395 | D:5      | Entered Level 5 of the Dungeon
  3401 | D:5      | Noticed a slave
  3415 | D:5      | Killed a slave
  3501 | D:5      | Noticed a slave
  3506 | D:5      | Noticed a slave
  3509 | D:5      | Killed a slave
  3511 | D:5      | Noticed a slave
  3515 | D:5      | Killed a slave
  3523 | D:5      | Killed a slave
  3602 | D:5      | Noticed Pikel
  3613 | D:5      | Killed Pikel
  3613 | D:5      | Reached *** piety under Trog
  3613 | D:5      | Reached skill level 8 in Axes
  3613 | D:5      | Reached skill level 5 in Armour
  3613 | D:5      | Reached XP level 7. HP: 60/64 MP: 6/6
  3659 | D:5      | Reached XP level 8. HP: 39/71 MP: 7/7
  3883 | D:5      | Reached skill level 9 in Axes
  4662 | D:6      | Found a sparkling altar of Nemelex Xobeh.
  5033 | D:6      | Reached skill level 10 in Axes
  5316 | D:7      | Found a staircase to the Ecumenical Temple.
  5320 | D:7      | Noticed Duvessa
  5320 | D:7      | Noticed Dowan
  5341 | D:7      | Killed Duvessa
  5342 | D:7      | Killed Dowan
  5685 | D:7      | Found a blossoming altar of Fedhas.
  5705 | D:7      | Reached XP level 9. HP: 54/81 MP: 8/8
  5772 | D:7      | Reached **** piety under Trog
  6055 | D:7      | Got an encrusted leather armour
  6067 | D:7      | Identified the cursed +0 leather armour of Articulation
                  | {*Drain +Fly rN+} (You found it on level 7 of the Dungeon)
  6164 | D:8      | Reached skill level 11 in Axes
  7028 | D:8      | Reached skill level 12 in Axes
  7292 | D:9      | Found a staircase to the Lair.
  7310 | D:9      | Reached XP level 10. HP: 26/91 MP: 9/9
  7316 | D:9      | HP: 1/136 [yak (9)]
  7338 | D:9      | HP: 4/91 [crocodile (4)]
  7338 | D:9      | Slain by a crocodile

Vault maps used:
D:1:      dpeg_arrival_tiny_g, corexii_leaking_fountain,
          minmay_misc_feat_hallway
D:2:      bloody_trog, gammafunk_temple_overflow_statue, grunt_ministairs_13,
          ashenzari_altar_1
D:3:      mumra_celtic_spiral_tile, nicolae_overflow_hidden_temple,
          dancing_weapons_uskayaw, gammafunk_temple_overflow_elements
D:4:      zin_treasury, roderic_st_hans_cross
D:5:      first_ration, roderic_roman_lattice, uniq_pikel
D:6:      lemuel_crystal_altar
D:7:      lemuel_crystal_altar, minmay_temple_entry_offerings,
          fedhas_ov_isle_minmay, uniq_duvessa
D:8:      grunt_pizzeria, supply_closet_lemuel
D:9:      kennysheep_mini, due_lair_maze_entry_diamond

Skill      XL: |  1  2  3  4  5  6  7  8  9 |
---------------+----------------------------+-----
Axes           | 4 5 6 8 10 12 | 12.5
Fighting       | 4 5 6 7 9 |  9.4
Armour         | 3 4 5 6 7 9 |  9.1
Dodging        | |  2.1

Action                   |  1- 3 |  4- 6 |  7- 9 | 10-12 || total
-------------------------+-------+-------+-------+-------++-------
Melee: Hand axe          |    73 |   131 |   133 |       ||   337
       Headbutt          |    11 |    26 |    60 |     3 ||   100
       War axe           |       |       |   135 |     9 ||   144
Invok: Berserk           |       |     1 |     3 |       ||     4
  Use: Scroll            |       |       |     2 |       ||     2
  Eat: Chunk             |     3 |     7 |    12 |     1 ||    23
Armor: Animal skin       |     7 |       |       |       ||     7
       Chain mail        |    21 |    59 |    48 |       ||   128
       Plate armour      |       |       |    95 |       ||    95
Dodge: Dodged            |    40 |    51 |    98 |     4 ||   193

Table legend:
 A = Non-vault XP
 B = Vault XP
 C = Vault XP percentage of total XP
 D = Non-vault monster count
 E = Vault monster count
 F = Vault count percentage of total count
                 A         B        C        D         E       F
            +---------+---------+-------+---------+---------+-------
      Total |    4043 |    1916 |  32.2 |     127 |      12 |   8.6
            +---------+---------+-------+---------+---------+-------
        D:1 |      29 |       0 |   0.0 |      18 |       0 |   0.0
        D:2 |      42 |       0 |   0.0 |      16 |       0 |   0.0
        D:3 |      31 |       0 |   0.0 |       9 |       0 |   0.0
        D:4 |     547 |       0 |   0.0 |      19 |       0 |   0.0
        D:5 |     499 |     593 |  54.3 |      13 |       1 |   7.1
        D:6 |     592 |       0 |   0.0 |      16 |       0 |   0.0
        D:7 |     466 |     227 |  32.8 |      11 |       2 |  15.4
        D:8 |    1711 |     192 |  10.1 |      22 |       1 |   4.3
        D:9 |     126 |     904 |  87.8 |       3 |       8 |  72.7
            +---------+---------+-------+---------+---------+-------
